SKY
BOSTON RED SOX @ MINNESOTA TWINS
03/02/2052
 
TOP OF THE 1ST
Boston Red Sox batting - Pitching for Minnesota Twins : LHP Justin Freedman
Pitching: LHP Justin Freedman
Batting: RHB William Spicer 0-0: Foul Ball, location: 9LDF
0-1: Ball
1-1: Foul Ball, location: 3SF
1-2: Foul Ball, location: 3DF
1-2: Foul Ball, location: 23FF
1-2: Foul Ball, location: 7LSFF
1-2: Ball
2-2: Foul Ball, location: 2F
2-2: Ball
3-2: SINGLE (Groundball, 6MD, EV 101.3 MPH)
Batting: RHB Roland Bickel 0-0: Ball
1-0: Swinging Strike
William Spicer is caught stealing 2nd base 2-4
1-1: Ball
2-1: Foul Ball, location: 7LMF
2-2: Ball
3-2: Base on Balls
Batting: LHB Ben Viet 0-0: Foul Ball, location: 23F
0-1: Ball
1-1: Grounds into double play, 4-6-3 (Groundball, 34, EV 101.9 MPH)
Top of the 1st over - 0 runs, 1 hit, 0 errors, 0 left on base; Boston 0 - Minnesota 0
BOTTOM OF THE 1ST
Minnesota Twins batting - Pitching for Boston Red Sox : RHP Dylan Lafferty
Pitching: RHP Dylan Lafferty
Batting: RHB Samuel Everhart 0-0: Ball
1-0: Foul Ball, location: 25F
1-1: Ball
2-1: Ball
3-1: Foul Ball, location: 25F
3-2: Foul Ball, location: 23F
3-2: Ground out 4-3 (Groundball, 4, EV 76.9 MPH)
Batting: LHB Archer Charles 0-0: Ball
1-0: Called Strike
1-1: Fly out, F8 (Line Drive, 8LXD, EV 83.8 MPH)
Batting: RHB Raul Cathey 0-0: Ball
1-0: Fly out, F4 (Popup, 23, EV 84.4 MPH)
Bottom of the 1st over - 0 runs, 0 hits, 0 errors, 0 left on base; Boston 0 - Minnesota 0
TOP OF THE 2ND
Boston Red Sox batting - Pitching for Minnesota Twins : LHP Justin Freedman
Batting: RHB Jalen Duke 0-0: Swinging Strike
0-1: Ball
1-1: Ball
2-1: Ball
3-1: Fly out, F8 (Flyball, 8LXD, EV 83.1 MPH)
Batting: RHB Tomas Urbina 0-0: Ball
1-0: Swinging Strike
1-1: Fly out, F8 (Flyball, 8LXD, EV 101.3 MPH)
Batting: RHB Pooh Whitney 0-0: SINGLE (Groundball, 4MD, EV 100.0 MPH)
Batting: RHB Ruben Otero 0-0: Called Strike
0-1: Ball
1-1: Ball
2-1: Swinging Strike
2-2: Fly out, F7 (Flyball, 7LM, EV 86.3 MPH)
Top of the 2nd over - 0 runs, 1 hit, 0 errors, 1 left on base; Boston 0 - Minnesota 0
BOTTOM OF THE 2ND
Minnesota Twins batting - Pitching for Boston Red Sox : RHP Dylan Lafferty
Batting: LHB Stanfield Reaves 0-0: Called Strike
0-1: Foul Ball, location: 3DF
0-2: Ball
1-2: Ball
2-2: Strikes out swinging
Batting: LHB Lon White 0-0: Ball
1-0: Ball
2-0: Called Strike
2-1: Called Strike
2-2: Strikes out swinging
Batting: RHB Pinkney Hines 0-0: Ball
1-0: Ball
2-0: Called Strike
2-1: Called Strike
2-2: Strikes out swinging
Bottom of the 2nd over - 0 runs, 0 hits, 0 errors, 0 left on base; Boston 0 - Minnesota 0
TOP OF THE 3RD
Boston Red Sox batting - Pitching for Minnesota Twins : LHP Justin Freedman
Batting: RHB Brooks Tucker 0-0: Called Strike
0-1: Foul Ball, location: 2F
0-2: Ball
1-2: Ball
2-2: Ball
3-2: Ground out 6-3 (Groundball, 6, EV 81.9 MPH)
Batting: LHB Chase Veliz 0-0: Fly out, F9 (Flyball, 9, EV 90.6 MPH)
Batting: RHB William Spicer 0-0: Called Strike
0-1: Ball
1-1: SINGLE (Groundball, 6D, EV 104.4 MPH)
Batting: RHB Roland Bickel 0-0: Foul Ball, location: 5DF
0-1: Called Strike
0-2: Foul Ball, location: 23F
0-2: Ball
1-2: Fly out, F9 (Flyball, 9S, EV 82.5 MPH)
Top of the 3rd over - 0 runs, 1 hit, 0 errors, 1 left on base; Boston 0 - Minnesota 0
BOTTOM OF THE 3RD
Minnesota Twins batting - Pitching for Boston Red Sox : RHP Dylan Lafferty
Batting: LHB Jake Sacco 0-0: Called Strike
0-1: TRIPLE (Flyball, 78XD, EV 93.1 MPH)
Batting: RHB Nick Haftel 0-0: Fly out, F9 (Line Drive, 9S, EV 88.8 MPH)
Batting: RHB Isiah Crudup 0-0: Swinging Strike
0-1: Swinging Strike
0-2: Strikes out swinging
Batting: RHB Samuel Everhart 0-0: Ball
1-0: Called Strike
1-1: Ball
2-1: Swinging Strike
2-2: Ground out U3 (Groundball, 34S, EV 89.4 MPH)
Bottom of the 3rd over - 0 runs, 1 hit, 0 errors, 1 left on base; Boston 0 - Minnesota 0
TOP OF THE 4TH
Boston Red Sox batting - Pitching for Minnesota Twins : LHP Justin Freedman
Batting: LHB Ben Viet 0-0: Called Strike
0-1: SINGLE (Line Drive, 78S, EV 109.4 MPH)
Batting: RHB Jalen Duke 0-0: Ball
1-0: Ball
2-0: Foul Ball, location: 9LSFF
2-1: Swinging Strike
2-2: Foul Ball, location: 2F
2-2: Foul Ball, location: 2F
2-2: Ball
Wild Pitch!
Ben Viet to second
3-2: Foul Ball, location: 2F
3-2: Strikes out swinging
Batting: RHB Tomas Urbina 0-0: Swinging Strike
0-1: Called Strike
0-2: Ground out 4-3 (Groundball, 4, EV 99.4 MPH)
Ben Viet to third
Batting: RHB Pooh Whitney 0-0: Ball
1-0: Ball
2-0: Swinging Strike
2-1: DOUBLE (Line Drive, 7LM, EV 108.1 MPH)
Ben Viet scores
Batting: RHB Ruben Otero 0-0: Ball
1-0: Ball
2-0: Called Strike
2-1: Ball
3-1: Foul Ball, location: 2F
3-2: Strikes out looking
Top of the 4th over - 1 run, 2 hits, 0 errors, 1 left on base; Boston 1 - Minnesota 0
BOTTOM OF THE 4TH
Minnesota Twins batting - Pitching for Boston Red Sox : RHP Dylan Lafferty
Batting: LHB Archer Charles 0-0: Ball
1-0: Called Strike
1-1: Ground out 6-3 (Groundball, 6M, EV 88.1 MPH)
Batting: RHB Raul Cathey 0-0: Ball
1-0: Called Strike
1-1: Ball
2-1: Swinging Strike
2-2: Foul Ball, location: 2F
2-2: Strikes out swinging
Batting: LHB Stanfield Reaves 0-0: Ball
1-0: Ball
2-0: Called Strike
2-1: Swinging Strike
2-2: Fly out, F9 (Flyball, 9D, EV 110.6 MPH)
Bottom of the 4th over - 0 runs, 0 hits, 0 errors, 0 left on base; Boston 1 - Minnesota 0
TOP OF THE 5TH
Boston Red Sox batting - Pitching for Minnesota Twins : LHP Justin Freedman
Pitching: LHP Caden Croll
Batting: RHB Brooks Tucker 0-0: Ball
1-0: SINGLE (Groundball, 6M, EV 104.4 MPH) (infield hit)
Batting: LHB Chase Veliz 0-0: Called Strike
0-1: Swinging Strike
0-2: Ball
1-2: Ball
2-2: Strikes out swinging
Batting: RHB William Spicer 0-0: Called Strike
0-1: Foul Ball, location: 9LSF
0-2: Ball
1-2: Ball
2-2: Foul Ball, location: 9LDF
2-2: Ball
3-2: Foul Ball, location: 9LMF
3-2: Foul Ball, location: 2F
3-2: Foul Ball, location: 2F
3-2: SINGLE (Line Drive, 56, EV 73.1 MPH)
Brooks Tucker to second
Batting: RHB Roland Bickel 0-0: Ground out 5-3 (Groundball, 56, EV 84.4 MPH)
Brooks Tucker to third
William Spicer to second
Pinch Hitting: LHB Jaxson Eisley 0-0: Foul Ball, location: 23FF
0-1: Swinging Strike
0-2: Foul Ball, location: 5F
0-2: Foul Ball, location: 7LMF
0-2: Ball
1-2: 3-RUN HOME RUN (Flyball, 7LD, EV 94.4 MPH), Distance : 367 ft
Pinch Hitting: RHB Elías Espinosa 0-0: Called Strike
0-1: Ball
1-1: Ball
2-1: Foul Ball, location: 25FF
2-2: Ball
3-2: Fly out, F9 (Flyball, 9, EV 80.0 MPH)
Top of the 5th over - 3 runs, 3 hits, 0 errors, 0 left on base; Boston 4 - Minnesota 0
BOTTOM OF THE 5TH
Minnesota Twins batting - Pitching for Boston Red Sox : RHP Dylan Lafferty
Pitching: RHP C.J. Castle
Now at 1B: Ward Saylor
Now at 3B: Elías Espinosa
Now in RF: Jaxson Eisley
Batting: LHB Lon White 0-0: Foul Ball, location: 7LSF
0-1: Ball
1-1: Foul Ball, location: 23F
1-2: Ground out 4-3 (Groundball, 34, EV 85.6 MPH)
Batting: RHB Pinkney Hines 0-0: Fly out, F9 (Flyball, 9S, EV 80.6 MPH)
Batting: LHB Jake Sacco 0-0: SINGLE (Line Drive, 8RS, EV 108.1 MPH)
Batting: RHB Nick Haftel 0-0: Ball
1-0: Ball
2-0: SINGLE (Groundball, 4MD, EV 100.6 MPH)
Jake Sacco to second
Batting: RHB Isiah Crudup 0-0: Ball
1-0: Foul Ball, location: 3SF
1-1: Foul Ball, location: 9LSF
1-2: Strikes out looking
Bottom of the 5th over - 0 runs, 2 hits, 0 errors, 2 left on base; Boston 4 - Minnesota 0
TOP OF THE 6TH
Boston Red Sox batting - Pitching for Minnesota Twins : LHP Caden Croll
Pitching: RHP Wendell Diarra
Now in LF: Ra Williams
Now in CF: Raul Cathey
Now in RF: Loren Cortez
Batting: LHB Nathan Holland 0-0: Ball
1-0: Swinging Strike
1-1: Ground out 4-3 (Groundball, 34D, EV 102.5 MPH)
Pinch Hitting: LHB Gabe Hardy 0-0: Called Strike
0-1: Ground out 3-1 (Groundball, 34S, EV 85.6 MPH)
Batting: SHB Ward Saylor 0-0: Ball
1-0: DOUBLE (Line Drive, 9LM, EV 109.4 MPH)
Batting: RHB Brooks Tucker 0-0: Ball
1-0: Fly out, F9 (Flyball, 9, EV 97.5 MPH)
Top of the 6th over - 0 runs, 1 hit, 0 errors, 1 left on base; Boston 4 - Minnesota 0
BOTTOM OF THE 6TH
Minnesota Twins batting - Pitching for Boston Red Sox : RHP C.J. Castle
Now at 1B: Mitsukuni Yamamoto
Now at SS: Ward Saylor
Batting: LHB Ra Williams 0-0: Called Strike
0-1: Ball
1-1: Called Strike
1-2: Ball
2-2: Ball
3-2: SINGLE (Groundball, 34D, EV 99.4 MPH)
Batting: LHB Loren Cortez 0-0: Called Strike
0-1: Fielders Choice at 2nd, 3-6 (Groundball, 3, EV 79.4 MPH)
Pinch Hitting: RHB Alex Mets 0-0: Swinging Strike
0-1: Fly out, F2 (Popup, 2LF, EV 95.6 MPH)
Batting: LHB Stanfield Reaves 0-0: Called Strike
0-1: Ball
1-1: Ball
2-1: Foul Ball, location: 23FF
2-2: Foul Ball, location: 2F
2-2: DOUBLE (Line Drive, 5D, EV 104.4 MPH)
Loren Cortez to third
Runner from 3rd tries for Home, SAFE, throw by LF to home
Pinch Hitting: SHB Jack Lomax 0-0: Called Strike
0-1: Ball
1-1: Swinging Strike
1-2: Ball
2-2: SINGLE (Line Drive, 34D, EV 108.1 MPH)
Stanfield Reaves to third
Runner from 3rd tries for Home, SAFE, throw by RF to home
Batting: RHB Janard Mahoney 0-0: Ground out 5-3 (Groundball, 56, EV 106.9 MPH)
Bottom of the 6th over - 2 runs, 3 hits, 0 errors, 1 left on base; Boston 4 - Minnesota 2
TOP OF THE 7TH
Boston Red Sox batting - Pitching for Minnesota Twins : RHP Wendell Diarra
Pitching: LHP Gabriel McClanahan
Now at 1B: Jack Lomax
Now in CF: Alex Mets
Pinch Hitting: RHB Victor Cuello 0-0: Swinging Strike
0-1: Foul Ball, location: 3F
0-2: Fly out, F8 (Flyball, 8RD, EV 95.6 MPH)
Pinch Hitting: RHB Jeremy Fountain 0-0: Ball
1-0: Ball
2-0: Ball
3-0: Foul Ball, location: 9LDF
3-1: Called Strike
3-2: SOLO HOME RUN (Flyball, 78XD, EV 103.8 MPH), Distance : 432 ft
Pinch Hitting: RHB Alastair Cooledge 0-0: Ball
1-0: Swinging Strike
1-1: Called Strike
1-2: Strikes out swinging
Batting: LHB Jaxson Eisley 0-0: Ball
1-0: Ball
2-0: Called Strike
2-1: Foul Ball, location: 23FF
2-2: Ball
3-2: Strikes out swinging
Top of the 7th over - 1 run, 1 hit, 0 errors, 0 left on base; Boston 5 - Minnesota 2
BOTTOM OF THE 7TH
Minnesota Twins batting - Pitching for Boston Red Sox : RHP C.J. Castle
Pitching: LHP Jimmy Ge
Now at 2B: Alastair Cooledge
Now in LF: Jeremy Fountain
Now in CF: Victor Cuello
Batting: LHB Jake Sacco 0-0: Called Strike
0-1: Ball
1-1: Swinging Strike
1-2: Hit by Pitch
Pinch Hitting: RHB Tory Shedd 0-0: Ball
1-0: Foul Ball, location: 2F
1-1: Ball
2-1: Ball
3-1: Foul Ball, location: 25FF
3-2: Base on Balls
Jake Sacco to second
Batting: RHB Isiah Crudup 0-0: Swinging Strike
0-1: Foul Ball, location: 5FF
0-2: Ball
1-2: Strikes out swinging
Batting: LHB Ra Williams 0-0: Called Strike
0-1: Ball
1-1: Foul Ball, location: 2F
1-2: Ball
2-2: Ball
3-2: Strikes out looking
Batting: LHB Loren Cortez 0-0: Ball
1-0: Ball
2-0: Called Strike
2-1: Foul Ball, location: 2F
2-2: Foul Ball, location: 5FF
2-2: Ball
3-2: Base on Balls
Jake Sacco to third
Tory Shedd to second
Batting: RHB Alex Mets 0-0: Ball
1-0: Swinging Strike
1-1: Swinging Strike
1-2: Strikes out swinging
Bottom of the 7th over - 0 runs, 0 hits, 0 errors, 3 left on base; Boston 5 - Minnesota 2
TOP OF THE 8TH
Boston Red Sox batting - Pitching for Minnesota Twins : LHP Gabriel McClanahan
Pitching: RHP Jon Colbeth
Now at 2B: Tory Shedd
Batting: RHB Elías Espinosa 0-0: Ball
1-0: Foul Ball, location: 2F
1-1: Foul Ball, location: 9LDF
1-2: Foul Ball, location: 5SF
1-2: Foul Ball, location: 2F
1-2: Ball
2-2: Ball
3-2: DOUBLE (Flyball, 8RXD, EV 98.8 MPH)
Batting: LHB Nathan Holland 0-0: DOUBLE (Groundball, 3L, EV 104.4 MPH)
Elías Espinosa scores
Batting: LHB Mitsukuni Yamamoto 0-0: Foul Ball, location: 2F
0-1: Foul Ball, location: 2F
0-2: Ball
1-2: Ball
2-2: Ground out 5-3 (Groundball, 5L, EV 93.8 MPH)
Batting: SHB Ward Saylor 0-0: Called Strike
0-1: DOUBLE (Line Drive, 9LS, EV 95.0 MPH)
Nathan Holland scores
Batting: RHB Brooks Tucker 0-0: Swinging Strike
0-1: Ball
1-1: Ball
2-1: DOUBLE (Line Drive, 7LM, EV 110.6 MPH)
Ward Saylor scores
Pitching: RHP T.J. Hamilton
Batting: RHB Victor Cuello 0-0: Ball
1-0: Called Strike
1-1: Ball
2-1: Ball
3-1: Called Strike
3-2: Base on Balls
Batting: RHB Jeremy Fountain 0-0: Ball
1-0: Ball
2-0: Foul Ball, location: 2F
2-1: Grounds into double play, 6-4-3 (Groundball, 6, EV 81.9 MPH)
Top of the 8th over - 3 runs, 4 hits, 0 errors, 1 left on base; Boston 8 - Minnesota 2
BOTTOM OF THE 8TH
Minnesota Twins batting - Pitching for Boston Red Sox : LHP Jimmy Ge
Pitching: LHP Mike Mason
Batting: LHB Stanfield Reaves 0-0: Ball
1-0: Foul Ball, location: 5F
1-1: Swinging Strike
1-2: Foul Ball, location: 2F
1-2: Ball
2-2: Strikes out swinging
Batting: SHB Jack Lomax 0-0: Foul Ball, location: 3FF
0-1: Fly out, F8 (Flyball, 8LD, EV 90.0 MPH)
Batting: RHB Janard Mahoney 0-0: Foul Ball, location: 2F
0-1: Ball
1-1: Foul Ball, location: 2F
1-2: Foul Ball, location: 25F
1-2: Ball
2-2: Ground out 5-3 (Groundball, 56, EV 103.1 MPH)
Bottom of the 8th over - 0 runs, 0 hits, 0 errors, 0 left on base; Boston 8 - Minnesota 2
TOP OF THE 9TH
Boston Red Sox batting - Pitching for Minnesota Twins : RHP T.J. Hamilton
Batting: RHB Alastair Cooledge 0-0: Ball
1-0: Called Strike
1-1: Foul Ball, location: 2F
1-2: Strikes out swinging, 2-3 out at first.
Batting: LHB Jaxson Eisley 0-0: Called Strike
0-1: Foul Ball, location: 9LSF
0-2: Ball
1-2: Ball
2-2: Strikes out swinging
Batting: RHB Elías Espinosa 0-0: Foul Ball, location: 3FF
0-1: Ball
1-1: Called Strike
1-2: SINGLE (Groundball, 34D, EV 108.8 MPH)
Batting: SHB Christian Gibbs 0-0: Ball
1-0: Called Strike
1-1: Ball
2-1: SINGLE (Groundball, 4MD, EV 98.1 MPH)
Elías Espinosa to second
Batting: LHB Mitsukuni Yamamoto 0-0: Foul Ball, location: 3F
0-1: Ball
1-1: Foul Ball, location: 9LDF
1-2: Ball
2-2: Foul Ball, location: 2F
2-2: Strikes out looking
Top of the 9th over - 0 runs, 2 hits, 0 errors, 2 left on base; Boston 8 - Minnesota 2
BOTTOM OF THE 9TH
Minnesota Twins batting - Pitching for Boston Red Sox : LHP Mike Mason
Pitching: RHP José Garza
Batting: LHB Jake Sacco 0-0: Ball
1-0: Called Strike
1-1: Called Strike
1-2: Ground out 4-3 (Groundball, 4, EV 81.3 MPH)
Batting: RHB Tory Shedd 0-0: Ball
1-0: Foul Ball, location: 9LSF
1-1: SINGLE (Groundball, 6MD, EV 108.1 MPH)
Batting: RHB Isiah Crudup 0-0: Ball
1-0: Ball
2-0: Ball
3-0: Base on Balls
Tory Shedd to second
Batting: LHB Ra Williams 0-0: Ball
1-0: SINGLE (Groundball, 4MD, EV 97.5 MPH)
Tory Shedd to third
Isiah Crudup to second
Batting: LHB Loren Cortez 0-0: Ball
1-0: Ball
2-0: Called Strike
2-1: Called Strike
2-2: Strikes out swinging
Batting: RHB Alex Mets 0-0: Ball
1-0: Ball
2-0: Called Strike
2-1: Ball
3-1: Fly out, F8 (Line Drive, 8LM, EV 87.5 MPH)
Bottom of the 9th over - 0 runs, 2 hits, 0 errors, 3 left on base; Boston 8 - Minnesota 2
Saturday, April 13th , 2024 - OOTP Baseball 24.11 Build 85